 Dungeon Crawl Stone Soup version 0.23-a0-558-g30802b1 (webtiles) character file.

264 nikopol the Firebug (level 5, -6/28 HPs)
             Began as a Deep Elf Fire Elementalist on Dec 12, 2018.
             Killed by divine providence
             ... invoked by an orc priest
              (13 damage)
             ... on level 4 of the Dungeon.
             The game lasted 00:07:57 (3006 turns).

nikopol the Firebug (Deep Elf Fire Elementalist)    Turns: 3006, Time: 00:07:58

Health: -6/28      AC:  5    Str:  5    XL:     5   Next: 98%
Magic:  2/13       EV: 12    Int: 21    God:
Gold:   100        SH:  0    Dex: 15    Spells: 2/12 levels left

rFire    . . .     SeeInvis .   d - +3 dagger (venom)
rCold    . . .     Gourm    .   (no shield)
rNeg     . . .     Faith    .   l - +1 leather armour {rPois}
rPois    +         Spirit   .   (no helmet)
rElec    .         Reflect  .   (no cloak)
rCorr    .         Harm     .   (no gloves)
MR       .....                  p - +0 pair of boots
Stlth    ++........             (no amulet)
HPRegen  0.09/turn              (no ring)
MPRegen  0.13/turn              (no ring)

@: very slightly contaminated
A: no striking features
a: no special abilities


You were on level 4 of the Dungeon.
You were not hungry.

You visited 1 branch of the dungeon, and saw 4 of its levels.

You collected 100 gold pieces.

Inventory:

Hand Weapons
 d - a +3 dagger of venom (weapon)
Armour
 a - a +0 robe
 l - a +1 leather armour of poison resistance (worn)
 p - a +0 pair of boots (worn)
Jewellery
 g - a cursed -3 ring of dexterity {unknown}
 m - an uncursed ring of magical power {unknown}
 w - an uncursed ring of see invisible {unknown}
Wands
 n - a wand of flame (17)
 o - a wand of polymorph (5)
Scrolls
 b - a scroll of enchant armour {unknown}
 f - 2 scrolls of amnesia {unknown}
 j - 2 scrolls of identify {unknown}
 k - a scroll of enchant weapon {unknown}
 q - a scroll of immolation {unknown}
 u - a scroll of fear {unknown}
Potions
 e - 2 potions of curing {unknown}
 h - 3 potions of brilliance {unknown}
 i - a potion of mutation {unknown}
 r - a potion of ambrosia {unknown}
 t - a potion of heal wounds {unknown}
 v - a potion of might {unknown}
 x - a potion of berserk rage {unknown}
Comestibles
 c - 7 rations
 s - 2 chunks of flesh


   Skills:
 * Level 1.2 Armour
 + Level 2.9 Dodging
 + Level 3.2 Stealth
 + Level 4.3 Spellcasting
 + Level 2.9 Conjurations
 + Level 5.3 Fire Magic


You had 2 spell levels left.
You knew the following spells:

 Your Spells              Type           Power        Failure   Level  Hunger
a - Flame Tongue          Conj/Fire      ###..        3%          1    None
b - Throw Flame           Conj/Fire      ###...       4%          2    #......
c - Conjure Flame         Conj/Fire      ###.....     10%         3    ##.....
d - Sticky Flame          Conj/Fire      ###.....     32%         4    ####...

Your spell library contained the following spells:

 Spells                   Type           Power        Failure   Level  Hunger
 Inner Flame              Hex/Fire       ###.....     19%         3    ##.....
 Fireball                 Conj/Fire      ###.......   67%         5    ######.


Dungeon Overview and Level Annotations

Branches:
Dungeon (4/15)
 Temple: D:4-7

Altars:
Elyvilon

Annotations:
D:2 Sigmund
D:3 1 runed door


Message History

The orc wizard hits you from afar with a +0 trident.
The orc wizard misses you.
The orc wizard hits you but does no damage.
The orc priest invokes the aid of Beogh against you.
Beogh smites you!
Ouch! That really hurt!
The orc wizard casts a spell at you. The puff of flame hits you!
* * * LOW HITPOINT WARNING * * *
Casting: Flame Tongue (safe; 3% risk of failure)
Confirm with . or Enter, or press ? or * to list all spells.
Aiming: Flame Tongue (safe; 3% risk of failure)
Press: ? - help, Shift-Dir - straight line, f/p - orc wizard
Aim: an orc wizard, wielding a +0 trident and wearing a +0 robe (severely The flame tongue hits the orc wizard.
The orc wizard is almost dead.
The orc wizard hits you but does no damage.
The orc priest calls down the wrath of Beogh upon you.
Beogh smites you!
You die...

#.#.# #.# #.# #.#.# #.# #.#
#.#.# #.# #<# #.#.# ##.####.#
.# #.#.# #..[....# .#
#######.#.# #..###### ####.##
..........####..# #......
###.............#########......
....##########@................
### #..........#......
#o####.###........ #.# #.#
##....... #o# #.# #....<..
###.# #.# #.......
####..O####.# ##.####.
#.......l.o.O# #.# #.
#.##..#.####.# #.# #.


You could see an ogre, an orc priest, an orc wizard and a leopard gecko.

Vanquished Creatures
  A howler monkey (D:4)
  Natasha (thrice) (D:2)
  A worker ant (D:4)
  6 adders
  An adder skeleton (D:4)
  2 dart slugs
  2 leopard geckos
  4 orcs
  6 bats
  A giant cockroach (D:4)
  10 goblins
  3 hobgoblins
  6 jackals
  5 kobolds
  2 quokkas
  5 frilled lizards
  5 rats
63 creatures vanquished.

Notes
Turn   | Place    | Note
-------+----------+-------------------------------------------
     0 | D:1      | nikopol the Deep Elf Fire Elementalist began the quest for
                  | the Orb.
     0 | D:1      | Reached XP level 1. HP: 10/10 MP: 6/6
   167 | D:1      | Reached XP level 2. HP: 15/15 MP: 2/8
   424 | D:2      | Reached skill level 4 in Fire Magic
   480 | D:2      | Noticed Natasha
   482 | D:2      | Killed Natasha
   482 | D:2      | Reached XP level 3. HP: 19/19 MP: 5/10
   768 | D:2      | Reached XP level 4. HP: 24/24 MP: 8/11
   769 | D:2      | Noticed Natasha
   781 | D:2      | Killed Natasha
  1148 | D:2      | Noticed Sigmund
  1234 | D:2      | Learned a level 2 spell: Throw Flame
  1238 | D:2      | Learned a level 3 spell: Conjure Flame
  1243 | D:2      | Learned a level 4 spell: Sticky Flame
  1391 | D:2      | Reached skill level 5 in Fire Magic
  1443 | D:2      | Noticed Natasha
  1449 | D:2      | Killed Natasha
  1449 | D:2      | Reached XP level 5. HP: 18/28 MP: 8/12
  2316 | D:3      | Found a white marble altar of Elyvilon.
  2323 | D:3      | Found a runed door.
  2323 | D:3      | Noticed an angel
  2934 | D:4      | Reached skill level 1 in Armour
  2987 | D:4      | Noticed an ogre
  3006 | D:4      | Killed from afar by an orc priest

Vault maps used:
D:1:      dpeg_arrival_tiny_c
D:2:      chequers_serial_rivers_marsh, uniq_sigmund, uniq_natasha
D:3:      lemuel_angel_altar

Skill      XL: |  1  2  3  4  5 |
---------------+----------------+-----
Fire Magic     | 4 5 |  5.3
Stealth        | 3 |  3.2
Conjurations   | 2 |  2.9
Spellcasting   | 4 |  4.3
Armour         | 1 |  1.2
Dodging        | |  2.9

Action                   |  1- 3 |  4- 6 || total
-------------------------+-------+-------++-------
Melee: Dagger            |     1 |       ||     1
 Cast: Flame Tongue      |    33 |    87 ||   120
       Conjure Flame     |       |     1 ||     1
  Eat: Chunk             |       |     6 ||     6
Armor: Robe              |     1 |     1 ||     2
       Leather armour    |       |     5 ||     5
Dodge: Dodged            |    15 |    11 ||    26

Table legend:
 A = Non-vault XP
 B = Vault XP
 C = Vault XP percentage of total XP
 D = Non-vault monster count
 E = Vault monster count
 F = Vault count percentage of total count
                 A         B        C        D         E       F
            +---------+---------+-------+---------+---------+-------
      Total |     342 |      36 |   9.5 |      62 |       1 |   1.6
            +---------+---------+-------+---------+---------+-------
        D:1 |      24 |       0 |   0.0 |      15 |       0 |   0.0
        D:2 |     167 |      36 |  17.7 |      24 |       1 |   4.0
        D:3 |      30 |       0 |   0.0 |      13 |       0 |   0.0
        D:4 |     121 |       0 |   0.0 |      10 |       0 |   0.0
            +---------+---------+-------+---------+---------+-------
